 Dungeon Crawl Stone Soup version 0.29.1-13-g9f3cf754e1 (webtiles) character file.

Game seed: 2983994815914531166

607 LustLizard the Magician (level 7, -5/53 HPs)
             Began as a Gnoll Wanderer on Jan 19, 2023.
             Slain by a killer bee (8 damage)
             ... on level 4 of the Dungeon.
             The game lasted 00:05:46 (3033 turns).

LustLizard the Magician (Gnoll Wanderer)            Turns: 3033, Time: 00:05:46

Health: -5/53      AC: 10    Str: 16    XL:     7   Next: 43%
Magic:  18/18      EV: 11    Int: 15    God:
Gold:   98         SH:  0    Dex: 11    Spells: 17/21 levels left

rFire   . . .      SeeInvis +   m - +9 hand axe of Rely {vorpal, Str+6}
rCold   . . .      Faith    .   (no shield)
rNeg    . . .      Spirit   .   f - +4 ring mail
rPois   .          Reflect  .   (no helmet)
rElec   .          Harm     .   n - +0 cloak
rCorr   .          Rampage  .   (no gloves)
Will    .....                   (no boots)
Stlth   +.........              (no amulet)
HPRegen 0.17/turn               i - ring of see invisible
MPRegen 0.16/turn               o - +4 ring of slaying

@: mighty, lethally poisoned (-5 -> -9), flying
A: fangs 1, strong nose, distributed training
a: no special abilities


You were on level 4 of the Dungeon.
You visited 1 branch of the dungeon, and saw 4 of its levels.

You collected 98 gold pieces.

Inventory:

Hand Weapons
 l - a +0 short sword
 m - the +9 hand axe of Rely (weapon) {vorpal, Str+6}
   (You found it on level 2 of the Dungeon)

   It inflicts extra damage upon your enemies.
   Str:       It affects your strength (+6).
Armour
 f - a +4 ring mail (worn)
 k - a +0 buckler
 n - a +0 cloak (worn)
Jewellery
 i - a ring of see invisible (left hand)
 j - a ring of resist corrosion
 o - a +4 ring of slaying (right hand)
 p - a ring of poison resistance
 q - a ring of flight
 r - a ring of willpower
Scrolls
 a - 2 scrolls of enchant armour {unknown}
 b - 2 scrolls of fear
 c - 2 scrolls of magic mapping {unknown}
 d - a scroll of teleportation
 e - 2 scrolls of vulnerability {unknown}
 s - a scroll of torment {unknown}
 t - a scroll of summoning {unknown}
 u - a scroll of poison {unknown}
Potions
 h - 2 potions of might


   Skills:
 + Level 3.7 Fighting
 + Level 2.6 Short Blades
 + Level 2.6 Long Blades
 + Level 2.6 Axes
 + Level 2.6 Maces & Flails
 + Level 2.6 Polearms
 + Level 2.6 Staves
 + Level 2.6 Ranged Weapons
 + Level 2.6 Throwing
 + Level 2.6 Armour
 + Level 3.7 Dodging
 + Level 2.6 Stealth
 + Level 2.6 Shields
 + Level 2.6 Unarmed Combat
 + Level 7.6 Spellcasting
 + Level 2.1 Conjurations
 + Level 3.0 Hexes
 + Level 2.1 Summonings
 + Level 2.1 Necromancy
 + Level 2.1 Translocations
 + Level 2.1 Transmutations
 + Level 2.1 Fire Magic
 + Level 2.1 Ice Magic
 + Level 2.1 Air Magic
 + Level 2.1 Earth Magic
 + Level 7.4 Poison Magic
 + Level 2.9 Invocations
 + Level 2.6 Evocations


You had 17 spell levels left.
You knew the following spells:

 Your Spells              Type           Power      Damage    Failure   Level
a - Sting                 Tmut/Pois      80%        1d7       3%          1
b - Slow                  Hex            56%        N/A       7%          1
c - Poisonous Vapours     Pois/Air       40%        N/A       4%          2

Your spell library contained the following spells:

 Spells                   Type           Power      Damage    Failure   Level
 Spider Form              Tmut/Pois      20%        N/A       10%         3
 Summon Guardian Golem    Hex/Summ       13%        N/A       24%         3
 Corpse Rot               Necr/Pois/Air  17%        N/A       43%         4


Dungeon Overview and Level Annotations

Branches:
Dungeon (4/15)             Temple (0/1) D:4

Altars:
Trog


Innate Abilities, Weirdness & Mutations

You have very sharp teeth.
Your uncanny sense of smell can sniff out nearby items.
Your experience applies equally to all skills.


Message History

You closely miss the killer bee.
You feel sick.
The killer bee buzzes angrily.
The killer bee completely misses you. The killer bee barely misses you.
You slash the killer bee!
The killer bee is heavily wounded.
You feel sick. The killer bee stings you.
You are more poisoned.
The killer bee poisons you! The killer bee stings you.
* * * LOW HITPOINT WARNING * * *
The killer bee stings you but does no damage.
It was a potion of might.
You feel very mighty all of a sudden.
* * * LOW HITPOINT WARNING * * *
You feel very sick. The killer bee misses you.
The killer bee stings you but does no damage.
It was a potion of flight.
You feel very buoyant.
You fly up into the air.
* * * LOW HITPOINT WARNING * * *
You feel very sick.
The killer bee stings you but does no damage.
The killer bee closely misses you.
Okay, then.
Okay, then.
You miss the killer bee.
The killer bee is heavily wounded.
* * * LOW HITPOINT WARNING * * *
You feel sick. The killer bee barely misses you. x2
Unknown command.
You barely miss the killer bee. You bite the killer bee.
The killer bee is almost dead.
* * * LOW HITPOINT WARNING * * *
You feel sick. The killer bee barely misses you. x2
Unknown command.
You slash the killer bee!
You kill the killer bee!
* * * LOW HITPOINT WARNING * * *
You feel sick. The killer bee closely misses you. The killer bee stings you!
You die...

#### ...# #..#
#..# #..######
#######y.......
#....@yy...####
#.#####.##.#
#.# #.# .# #.#
#.# # #.# #..
#.# ### #.# #.#
#.#


You could see 3 killer bees.

Vanquished Creatures
  Sigmund (D:2)
  An ogre (D:4)
  A scorpion (D:4)
  2 killer bees (D:4)
  A hound (D:4)
  A jelly (D:4)
  2 orc wizards (D:4)
  Robin (D:3)
  5 adders
  4 worms
  A dart slug (D:4)
  10 orcs
  4 ball pythons
  3 bats
  6 endoplasms
  17 goblins
  5 hobgoblins
  6 kobolds
  2 frilled lizards
  7 rats
80 creatures vanquished.

Notes
Turn   | Place    | Note
-------+----------+-------------------------------------------
     0 | D:1      | LustLizard the Gnoll Wanderer began the quest for the Orb.
     0 | D:1      | LustLizard set off with the following items: a +0 dagger, a
                  | scroll of fear, a +0 robe, a scroll of teleportation; and
                  | the following spells available to memorise: Sting, Slow,
                  | Spider Form, Summon Guardian Golem, Corpse Rot.
     0 | D:1      | Reached XP level 1. HP: 17/17 MP: 8/8
     2 | D:1      | Learned a level 1 spell: Sting
     4 | D:1      | Learned a level 1 spell: Slow
   343 | D:1      | Reached XP level 2. HP: 23/23 MP: 8/10
  1126 | D:2      | Reached XP level 3. HP: 28/28 MP: 8/11
  1134 | D:2      | Noticed Sigmund
  1309 | D:2      | Identified the +9 hand axe of Rely {vorpal, Str+6}
  1350 | D:2      | Killed Sigmund
  1351 | D:2      | Reached skill level 1 in Short Blades
  1351 | D:2      | Reached skill level 1 in Long Blades
  1351 | D:2      | Reached skill level 1 in Axes
  1351 | D:2      | Reached skill level 1 in Maces & Flails
  1351 | D:2      | Reached skill level 1 in Polearms
  1351 | D:2      | Reached skill level 1 in Staves
  1351 | D:2      | Reached skill level 1 in Ranged Weapons
  1351 | D:2      | Reached skill level 1 in Throwing
  1351 | D:2      | Reached skill level 1 in Armour
  1351 | D:2      | Reached skill level 1 in Stealth
  1351 | D:2      | Reached skill level 1 in Shields
  1351 | D:2      | Reached skill level 1 in Unarmed Combat
  1351 | D:2      | Reached skill level 1 in Conjurations
  1351 | D:2      | Reached skill level 1 in Summonings
  1351 | D:2      | Reached skill level 1 in Necromancy
  1351 | D:2      | Reached skill level 1 in Translocations
  1351 | D:2      | Reached skill level 1 in Transmutations
  1351 | D:2      | Reached skill level 1 in Fire Magic
  1351 | D:2      | Reached skill level 1 in Ice Magic
  1351 | D:2      | Reached skill level 1 in Air Magic
  1351 | D:2      | Reached skill level 1 in Earth Magic
  1351 | D:2      | Reached skill level 1 in Invocations
  1351 | D:2      | Reached skill level 1 in Evocations
  1351 | D:2      | Reached XP level 4. HP: 30/35 MP: 10/13
  1351 | D:2      | Reached XP level 5. HP: 36/41 MP: 10/14
  1423 | D:2      | Found a faded altar of an unknown god.
  1626 | D:2      | Learned a level 2 spell: Poisonous Vapours
  1733 | D:3      | Noticed Robin
  1741 | D:3      | Reached XP level 6. HP: 47/47 MP: 16/16
  1742 | D:3      | Killed Robin
  2487 | D:3      | Found a bloodstained altar of Trog.
  2681 | D:4      | Reached XP level 7. HP: 47/52 MP: 18/18
  2923 | D:4      | Found a staircase to the Ecumenical Temple.
  3033 | D:4      | Slain by a killer bee

Illustrated notes

Levels and vault maps discovered:
D:1:      ncdulo_lavacross, layout_basic
D:2:      layout_rooms, shapermc_ecumenical_altar_mp_highgroup,
          minmay_misc_feat_rugged, minmay_quantized, uniq_sigmund
D:3:      layout_basic, trog_book, uniq_robin
D:4:      layout_loops_ring, minmay_temple_entry_gardened_gates

Skill      XL: |  1  2  3  4  5  6  7 |
---------------+----------------------+-----
Hexes          | 2 3 |  3.0
Fighting       | 3 |  3.7
Short Blades   | 1 2 |  2.6
Long Blades    | 1 2 |  2.6
Axes           | 1 2 |  2.6
Maces & Flails | 1 2 |  2.6
Polearms       | 1 2 |  2.6
Staves         | 1 2 |  2.6
Ranged Weapons | 1 2 |  2.6
Throwing       | 1 2 |  2.6
Armour         | 1 2 |  2.6
Dodging        | 3 |  3.7
Stealth        | 1 2 |  2.6
Shields        | 1 2 |  2.6
Unarmed Combat | 1 2 |  2.6
Conjurations   | 1 2 |  2.1
Summonings     | 1 2 |  2.1
Necromancy     | 1 2 |  2.1
Translocations | 1 2 |  2.1
Transmutations | 1 2 |  2.1
Fire Magic     | 1 2 |  2.1
Ice Magic      | 1 2 |  2.1
Air Magic      | 1 2 |  2.1
Earth Magic    | 1 2 |  2.1
Invocations    | 1 2 |  2.9
Evocations     | 1 2 |  2.6
Spellcasting   | |  7.6
Poison Magic   | |  7.4

Action                   |  1- 3 |  4- 6 |  7- 9 || total
-------------------------+-------+-------+-------++-------
Melee: Dagger            |     2 |       |       ||     2
       Short sword       |    13 |       |       ||    13
       Bite              |     3 |     1 |     5 ||     9
       Hand axe          |     4 |    63 |    26 ||    93
       Punch             |     1 |       |       ||     1
 Cast: Sting             |    48 |       |       ||    48
  Use: Potion            |       |       |     2 ||     2
Armor: Ring mail         |    11 |    23 |    24 ||    58
Dodge: Dodged            |    30 |    32 |    41 ||   103
